 Dungeon Crawl Stone Soup version 0.30-a0-634-g8abc85282e (webtiles) character file.

Game seed: 14452708094083133546

32 M4edhros the Charlatan (level 3, 0/23 HPs)
             Began as an Octopode Artificer on Jan 14, 2023.
             Slain by an iguana (13 damage)
             ... on level 3 of the Dungeon.
             The game lasted 00:01:34 (523 turns).

M4edhros the Charlatan (Octopode Artificer)          Turns: 523, Time: 00:01:34

Health: 0/23       AC:  1    Str: 11    XL:     3   Next: 25%
Magic:  3/3        EV: 13    Int: 13    God:
Gold:   28         SH:  0    Dex: 14    Spells: 2/2 levels left

rFire   . . .      SeeInvis .    h - +0 short sword (vamp)
rCold   . . .      Faith    .    (no shield)
rNeg    . . .      Spirit   .    (helmet restricted)
rPois   .          Reflect  .    (no amulet)
rElec   .          Harm     .    (no ring)
rCorr   .          Rampage  .    (no ring)
Will    .....                    (no ring)
Stlth   +++                      (no ring)
HPRegen 0.23/turn                (no ring)
MPRegen 0.08/turn                (no ring)
                                 (no ring)
                                 (no ring)

@: no status effects
A: almost no armour, amphibious, 8 rings, camouflage 1, gelatinous body 1,
(nimble swimmer 1), tentacles
a: no special abilities


You were on level 3 of the Dungeon.
You visited 1 branch of the dungeon, and saw 3 of its levels.

You collected 28 gold pieces.

Inventory:

Hand Weapons
 h - a +0 vampiric short sword (weapon)
Missiles
 i - 4 atropa-tipped darts
 n - 6 silver javelins
Wands
 b - a wand of flame (14) (quivered)
 c - a wand of charming (13)
 d - a wand of iceblast (5)
Scrolls
 f - 2 scrolls of teleportation {unknown}
 g - a scroll of torment {unknown}
 j - a scroll of enchant armour {unknown}
 k - 4 scrolls of identify {unknown}
 l - a scroll of brand weapon {unknown}
 m - a scroll of enchant weapon {unknown}
Potions
 a - 2 potions of degeneration {unknown}
 e - a potion of invisibility {unknown}


   Skills:
 + Level 1.5 Fighting
 + Level 0.5 Short Blades
 + Level 2.6 Dodging
 + Level 2.3 Stealth
 - Level 0.8 Unarmed Combat
 + Level 3.5 Evocations


You had 2 spell levels left.
You didn't know any spells.
Your spell library was empty.

Dungeon Overview and Level Annotations

Branches:
Dungeon (3/15)

Altars:


Innate Abilities, Weirdness & Mutations

You cannot wear most types of armour.
You are amphibious.
You can wear up to eight rings at the same time.
Your skin changes colour to match your surroundings (Stealth+).
Your rubbery body absorbs attacks. (AC +1, EV +1)
((You are camouflaged when in or above water. (Stealth+)))
You have tentacles for arms and can constrict up to eight enemies at once.


Message History

A hobgoblin is nearby!
An endoplasm comes into view.
You see here a quokka corpse.
The hobgoblin hits you with a +0 spear.
You barely miss the hobgoblin. You grab the hobgoblin.
Your squeeze misses the hobgoblin.
You constrict the hobgoblin, but do no damage.
The hobgoblin barely misses you.
You hit the hobgoblin but do no damage. You constrict the hobgoblin.
The hobgoblin hits you with a +0 spear!
You hit the hobgoblin but do no damage.
The hobgoblin is moderately wounded.
You constrict the hobgoblin.
The endoplasm hits the plant.
The plant begins to die.
The hobgoblin closely misses you.
You hit the hobgoblin but do no damage. You squeeze the hobgoblin.
The hobgoblin is severely wounded.
You constrict the hobgoblin.
You kill the hobgoblin!
You hit the endoplasm. You squeeze the endoplasm.
You kill the endoplasm!
Things that are here:
a +0 spear; a +0 robe; a hobgoblin corpse An iguana is nearby!
A nearby plant withers and dies.
No target in view!
No target in view!
The iguana hisses angrily.
You hit the iguana but do no damage. You grab the iguana.
The iguana is lightly wounded.
You constrict the iguana. The iguana bites you.
You hit the iguana.
The iguana is heavily wounded.
You constrict the iguana.
The iguana splashes around in the water.
You barely miss the iguana.
The iguana is heavily wounded.
You constrict the iguana, but do no damage.
The iguana bites you!
Ouch! That really hurt!
You die...

#...♣.P.♣g.P♣
##....♣.♣?...
##$.†♣♣♣.♣♣.#♣
#.♣♣...)...#'#
#P..♣♣♣♣..##.##
#.......♣.#)..#
#♣♣♣.♣♣..♣##.##♣
#..P§♣.♣♣.♣#'#P♣♣
#♣.♣l@§§♣♣.♣#.P.♣#####
#P.P♣§§..P.P♣.P......
##.P...#..#.....#####
#######♣..####♣###♣♣<....#
................ #.###.#
#############..# #.# # ...
..# #..#


You could see an iguana.

Vanquished Creatures
  A gnoll (D:3)
  A ball python (D:2)
  2 bats (D:1)
  3 endoplasms
  2 giant cockroaches (D:1)
  A goblin (D:1)
  A hobgoblin (D:3)
  3 kobolds (D:1)
  3 quokkas
  A frilled lizard (D:1)
  A rat (D:1)
19 creatures vanquished.

Vanquished Creatures (others)
  A gnoll (D:3)
  A goblin (D:1)
  10 plants
12 creatures vanquished.

Grand Total: 31 creatures vanquished

Notes
Turn   | Place    | Note
-------+----------+-------------------------------------------
     0 | D:1      | M4edhros the Octopode Artificer began the quest for the
                  | Orb.
     0 | D:1      | Reached XP level 1. HP: 13/13 MP: 1/1
   142 | D:1      | Reached XP level 2. HP: 18/18 MP: 2/2
   393 | D:3      | Reached XP level 3. HP: 4/23 MP: 3/3
   523 | D:3      | Slain by an iguana

Illustrated notes

Levels and vault maps discovered:
D:1:      denvon_arrival_planthouse, layout_rooms
D:2:      layout_basic, corexii_item_surrounded_by_moat
D:3:      wad_woods_tower, layout_basic, jmf_multi_god_temple2

Skill      XL: |  1  2 |
---------------+-------+-----
Stealth        | 2 |  2.3
Fighting       | |  1.5
Short Blades   | |  0.5
Dodging        | |  2.6
Unarmed Combat | |  0.8
Evocations     | |  3.5

Action                   || total
-------------------------++-------
Melee: Unarmed           ||    28
       Constrict         ||    18
       Tentacles         ||    12
       Short sword       ||    26
       Punch             ||     1
Evoke: Wand              ||     3
 Stab: Sleeping          ||     4
Armor: Skin              ||     7
Dodge: Dodged            ||    41

Table legend: (Time is in decaauts)
 A = Elapsed time spent in this place.
 B = Non-inter-level travel time spent in this place.
 C = Inter-level travel time spent in this place.
 D = Time resting spent in this place.
 E = Time spent auto-exploring this place.
 F = Levels seen in this place.
 G = Mean time per level.
                   A        B        C        D        E       F      G
               +--------+--------+--------+--------+--------+-----+--------+
         Total |    521 |    480 |     41 |      0 |    273 |   3 |  173.7 |
       Dungeon |    521 |    480 |     41 |      0 |    273 |   3 |  173.7 |
               +--------+--------+--------+--------+--------+-----+--------+

Top non-repeatable levels by time:
     D:1: 341 daAuts
     D:3: 145 daAuts
     D:2: 34 daAuts
